 Dungeon Crawl Stone Soup version 0.21.1-1-g345015fe64 (webtiles) character file.

97 IceCat the Magician (level 4, -7/39 HPs)
             Began as a Troll Wizard on July 20, 2018.
             Mangled by an ogre
             ... wielding a +0 giant club
              (21 damage)
             ... on level 3 of the Dungeon.
             The game lasted 00:24:46 (1825 turns).

IceCat the Magician (Troll Wizard)                  Turns: 1825, Time: 00:24:47

Health: -7/39      AC:  5    Str: 15    XL:     4   Next: 42%
Magic:  0/7        EV: 10    Int: 15    God:
Gold:   82         SH:  0    Dex:  8    Spells: 0/8 levels left

rFire    . . .     SeeInvis .     - Unarmed
rCold    . . .     Gourm    +   (no shield)
rNeg     . . .     Faith    .   a - +0 robe
rPois    .         Spirit   .   b - +0 hat
rElec    .         Reflect  .   (no cloak)
rCorr    .         Harm     .   (gloves unavailable)
MR       .....                  (boots unavailable)
Stlth    +.........             (no amulet)
HPRegen  0.53/turn              (no ring)
MPRegen  0.10/turn              (no ring)

@: no status effects
A: large, unfitting armour, claws 3, fast metabolism 3, gourmand, regeneration
1, shaggy fur 1, tough skin 2
a: no special abilities


You were on level 3 of the Dungeon.
You were very full.

You visited 1 branch of the dungeon, and saw 3 of its levels.

You collected 82 gold pieces.

Inventory:

Armour
 a - a +0 robe (worn)
 b - a +0 hat (worn)
Scrolls
 e - a scroll of magic mapping {unknown}
 i - 2 scrolls of teleportation {unknown}
 j - 2 scrolls of identify {unknown}
 k - 2 scrolls of remove curse {unknown}
 n - 3 scrolls of amnesia {unknown}
Potions
 g - 2 potions of invisibility {unknown}
 h - 2 potions of brilliance {unknown}
 l - 2 potions of lignification {unknown}
 m - a potion of cancellation {unknown}
 o - a potion of agility {unknown}
Books
 c - a book of Minor Magic

   Spells                             Type                      Level
   a - Magic Dart                     Conjuration                  1
   b - Blink                          Translocation                2
   c - Call Imp                       Summoning                    2
   d - Slow                           Hexes                        2
   e - Conjure Flame                  Conjuration/Fire             3
   f - Mephitic Cloud                 Conjuration/Poison/Air       3
Comestibles
 d - 4 rations
 f - a chunk of flesh


   Skills:
 + Level 0.2 Fighting
 + Level 2.0 Dodging
 + Level 1.2 Stealth
 + Level 1.4 Unarmed Combat
 * Level 2.7 Spellcasting
 + Level 0.8 Conjurations
 + Level 0.9 Summonings
 + Level 0.6 Translocations


You couldn't memorise any spells.
You knew the following spells:

 Your Spells              Type           Power        Failure   Level  Hunger
a - Magic Dart            Conj           #...         14%         1    #......
b - Call Imp              Summ           #.......     22%         2    ##.....
c - Blink                 Tloc           N/A          24%         2    ##.....
d - Conjure Flame         Conj/Fire      #.......     45%         3    ###....


Dungeon Overview and Level Annotations

Branches:
Dungeon (3/15)

Altars:
Zin


Innate Abilities, Weirdness & Mutations

You are too large for most types of armour.
You have claws for hands.
Your metabolism is lightning-fast.
You like to eat raw meat.
Your natural rate of healing is unusually fast.
You are covered in fur. (AC +1)
You have very tough skin. (AC +2)


Message History

A beastly little devil appears in a puff of flame.
Your crimson imp blinks!
What are your orders? t - Shout!
Orders for allies: a - Attack new target. r - Retreat! s - Stop attacking. g - Guard the area. f - Follow me.
Anything else - Cancel.
Gang up on whom?
Press: ? - help, Dir - move target cursor, f - ogre
Aim: an ogre, wielding a giant club Attack!
The ogre hits you with a giant club!!
Ouch! That really hurt!
Your crimson imp blinks!
Casting: Call Imp
Confirm with . or Enter, or press ? or * to list all spells.
A beastly little devil appears in a puff of flame.
The ogre hits you with a giant club!!
Ouch! That really hurt!
You die...

#.. #..# #...# #.#
#..###...# ##.##
#.......##
####...#######.##....##
+....................(.
####...#######.......##
##[##.## ####.#.##
#5#ยง..## #.###
#.@....# #.# ###O..##
#.# ##5## #.# ## #.#
#.####. #.# #...... #.#
######. #.# ## #.# #
#.# #


You could see an ogre and 2 friendly crimson imps.

Vanquished Creatures
  Robin (D:2)
  An adder (D:2)
  A dart slug (D:1)
  3 leopard geckos
  A ball python (D:1)
  12 bats
  5 giant cockroaches
  3 hobgoblins
  A quokka (D:2)
  2 frilled lizards
  12 goblins
  6 kobolds
  5 rats
53 creatures vanquished.

Vanquished Creatures (collateral kills)
  An adder (D:2)
  A worm (D:2)
  A dart slug (D:2)
  4 goblins (D:2)
  5 hobgoblins
  3 kobolds
  A quokka (D:2)
  A rat (D:2)
17 creatures vanquished.

Grand Total: 70 creatures vanquished

Notes
Turn   | Place    | Note
-------+----------+-------------------------------------------
     0 | D:1      | IceCat the Troll Wizard began the quest for the Orb.
     0 | D:1      | Reached XP level 1. HP: 16/16 MP: 2/2
   127 | D:1      | Reached XP level 2. HP: 24/24 MP: 2/4
   294 | D:1      | Learned a level 2 spell: Call Imp
   489 | D:1      | Reached XP level 3. HP: 31/31 MP: 0/5
   814 | D:1      | You fall through a shaft!
   914 | D:2      | Learned a level 2 spell: Blink
   931 | D:2      | Noticed Robin
   948 | D:2      | Killed Robin
   956 | D:2      | Reached skill level 1 in Unarmed Combat
   991 | D:2      | Reached XP level 4. HP: 35/39 MP: 0/6
  1222 | D:2      | Found a glowing silver altar of Zin.
  1619 | D:3      | Learned a level 3 spell: Conjure Flame
  1798 | D:3      | Noticed an ogre
  1825 | D:3      | Mangled by an ogre

Skill      XL: |  1  2  3 |
---------------+----------+-----
Dodging        | 2 |  2.0
Unarmed Combat | 1 |  1.4
Fighting       | |  0.2
Stealth        | |  1.2
Spellcasting   | |  2.7
Conjurations   | |  0.8
Summonings     | |  0.9
Translocations | |  0.6

Action                   |  1- 3 |  4- 6 || total
-------------------------+-------+-------++-------
Melee: Unarmed           |    97 |    26 ||   123
 Cast: Magic Dart        |    26 |    31 ||    57
       Call Imp          |     7 |    11 ||    18
       Conjure Flame     |       |     1 ||     1
  Eat: Chunk             |    15 |     9 ||    24
Armor: Robe              |    65 |    24 ||    89
Dodge: Dodged            |    90 |    20 ||   110
